[ AOE2 MATCH · #505657462 ]
UnrankedJapanese vs Huns
Player's team · LOSS
Rival team · WIN
[ REPLAY ANALYSIS · EXTRACTED FROM THE RECORDED GAME ]
Feudal
8:50
Castle
33:13
Imperial
—
| APM avg | 59.8 |
| APM peak | 93 |
| eAPM avg | 21.9 |
| Villagers / military | 104 / 72 |
Focus
⚔️ 30.1% · 🌾 69.9%
Militia ×29 · Skirmisher ×23 · Archer ×14 · Knight ×6
Feudal
8:50
Castle
31:04
Imperial
—
| APM avg | 60.2 |
| APM peak | 88 |
| eAPM avg | 25.5 |
| Villagers / military | 95 / 50 |
Focus
⚔️ 36.3% · 🌾 63.7%
Archer ×17 · Knight ×16 · Skirmisher ×8 · Scout Cavalry ×8 · Monk ×1
Match map
Initial resources + every placement click. Lines = walls · curves = elevation contours. ◆ gold · ⬟ stone · ● berries · ✦ relic · ◌ wall gap
Your base· ✓ Closed at 33:13 · 19t walls · no gate
Minh Anh's base· Open — opponent sealed themselves in
Smoothed initial terrain · ◌ = detected wall gap · hover for details
Inputs per minute
— 新竹 - - Minh Anh
Build order — 新竹
First 150 of 261 actions detected
| 0:00 | Queue | Villager (Male) |
| 0:00 | Queue | Villager (Male) |
| 0:01 | Queue | Villager (Male) |
| 0:03 | Build | House |
| 0:04 | Build | House |
| 0:16 | Queue | Villager (Male) |
| 0:16 | Queue | Villager (Male) |
| 1:22 | Queue | Villager (Male) |
| 1:58 | Queue | Villager (Male) |
| 2:17 | Queue | Villager (Male) |
| 2:17 | Queue | Villager (Male) |
| 2:17 | Queue | Villager (Male) |
| 2:23 | Build | Lumber Camp |
| 2:51 | Queue | Villager (Male) |
| 2:51 | Queue | Villager (Male) |
| 3:04 | Build | House |
| 3:16 | Queue | Villager (Male) |
| 3:17 | Queue | Villager (Male) |
| 3:17 | Queue | Villager (Male) |
| 3:51 | Queue | Villager (Male) |
| 3:59 | Queue | Villager (Male) |
| 3:59 | Queue | Villager (Male) |
| 4:00 | Queue | Villager (Male) |
| 4:43 | Queue | Villager (Male) |
| 4:43 | Queue | Villager (Male) |
| 5:08 | Build | Barracks |
| 5:15 | Queue | Villager (Male) |
| 5:15 | Queue | Villager (Male) |
| 5:15 | Queue | Villager (Male) |
| 5:20 | Queue | Villager (Male) |
| 5:33 | Queue | Villager (Male) |
| 5:33 | Queue | Villager (Male) |
| 5:46 | Queue | Villager (Male) |
| 5:47 | Research | Loom |
| 6:08 | Build | House |
| 6:19 | Build | Mining Camp |
| 6:40 | Research | Feudal Age |
| 6:41 | Research | Feudal Age |
| 6:41 | Research | Feudal Age |
| 7:09 | Queue | Militia |
| 7:09 | Queue | Militia |
| 7:22 | Queue | Militia |
| 7:22 | Queue | Militia |
| 7:32 | Queue | Militia |
| 7:33 | Queue | Militia |
| 7:39 | Build | Mill |
| 7:52 | Queue | Militia |
| 8:50 | Age | Feudal Age |
| 8:53 | Research | Man-at-Arms (upgrade) |
| 8:53 | Research | Man-at-Arms (upgrade) |
| 9:11 | Queue | Villager (Male) |
| 9:12 | Queue | Villager (Male) |
| 9:12 | Queue | Villager (Male) |
| 9:12 | Queue | Villager (Male) |
| 9:18 | Build | Mining Camp |
| 9:29 | Build | Watch Tower |
| 9:56 | Queue | Villager (Male) |
| 9:56 | Queue | Villager (Male) |
| 9:56 | Queue | Villager (Male) |
| 9:56 | Queue | Villager (Male) |
| 9:59 | Build | Farm |
| 10:02 | Build | House |
| 10:06 | Build | House |
| 10:58 | Queue | Villager (Male) |
| 10:58 | Queue | Villager (Male) |
| 10:58 | Queue | Villager (Male) |
| 10:59 | Queue | Villager (Male) |
| 11:29 | Build | Palisade Wall |
| 11:30 | Build | Palisade Wall |
| 11:31 | Queue | Villager (Male) |
| 11:32 | Queue | Villager (Male) |
| 11:32 | Queue | Villager (Male) |
| 11:42 | Research | Double-Bit Axe |
| 11:42 | Research | Double-Bit Axe |
| 12:14 | Build | Archery Range |
| 12:19 | Queue | Villager (Male) |
| 12:19 | Queue | Villager (Male) |
| 12:23 | Build | House |
| 12:41 | Queue | Skirmisher |
| 12:45 | Queue | Villager (Male) |
| 12:45 | Queue | Villager (Male) |
| 12:49 | Build | Watch Tower |
| 13:13 | Build | Watch Tower |
| 13:23 | Queue | Skirmisher |
| 13:23 | Queue | Skirmisher |
| 14:12 | Build | Watch Tower |
| 14:20 | Build | Watch Tower |
| 14:26 | Queue | Villager (Male) |
| 14:26 | Queue | Villager (Male) |
| 14:32 | Queue | Villager (Male) |
| 14:33 | Queue | Villager (Male) |
| 14:33 | Queue | Villager (Male) |
| 14:37 | Build | House |
| 14:53 | Queue | Archer ×3 |
| 14:54 | Queue | Archer ×3 |
| 15:41 | Queue | Skirmisher |
| 16:36 | Queue | Skirmisher |
| 16:38 | Queue | Militia ×2 |
| 16:38 | Queue | Militia ×2 |
| 17:12 | Queue | Villager (Male) |
| 17:12 | Queue | Villager (Male) |
| 17:12 | Queue | Villager (Male) |
| 17:12 | Queue | Villager (Male) |
| 17:18 | Build | Farm |
| 17:37 | Build | Farm |
| 17:43 | Build | Farm |
| 17:45 | Build | Farm |
| 18:00 | Build | Palisade Wall |
| 18:02 | Queue | Skirmisher |
| 18:08 | Build | Blacksmith |
| 18:12 | Build | House |
| 18:13 | Build | House |
| 18:14 | Build | House |
| 18:19 | Build | Farm |
| 18:20 | Build | Farm |
| 18:31 | Queue | Villager (Male) |
| 18:31 | Queue | Villager (Male) |
| 18:32 | Queue | Villager (Male) |
| 19:18 | Queue | Villager (Male) |
| 19:19 | Queue | Villager (Male) |
| 19:19 | Queue | Villager (Male) |
| 19:20 | Build | Farm |
| 19:28 | Build | Palisade Wall |
| 19:30 | Queue | Skirmisher |
| 19:31 | Queue | Skirmisher |
| 19:46 | Build | Watch Tower |
| 19:51 | Build | Farm |
| 20:54 | Queue | Villager (Male) |
| 20:54 | Queue | Villager (Male) |
| 20:54 | Queue | Villager (Male) |
| 20:54 | Queue | Villager (Male) |
| 20:55 | Queue | Villager (Male) |
| 20:55 | Queue | Villager (Male) |
| 21:08 | Queue | Skirmisher |
| 21:09 | Queue | Skirmisher |
| 21:09 | Queue | Skirmisher |
| 21:10 | Queue | Militia ×3 |
| 21:11 | Queue | Militia ×3 |
| 21:18 | Build | Lumber Camp |
| 21:29 | Queue | Villager (Male) |
| 21:29 | Queue | Villager (Male) |
| 21:30 | Queue | Villager (Male) |
| 21:31 | Build | Farm |
| 21:38 | Research | Fletching |
| 21:38 | Research | Fletching |
| 21:38 | Research | Fletching |
| 21:47 | Queue | Skirmisher |
| 21:56 | Build | Mining Camp |
| 22:02 | Queue | Villager (Male) |
| 22:02 | Queue | Villager (Male) |
Build order — Minh Anh
First 150 of 245 actions detected
| 0:00 | Queue | Villager (Male) |
| 0:00 | Queue | Villager (Male) |
| 0:01 | Queue | Villager (Male) |
| 0:01 | Queue | Villager (Male) |
| 1:20 | Queue | Villager (Male) |
| 1:54 | Queue | Villager (Male) |
| 2:02 | Queue | Villager (Male) |
| 2:32 | Queue | Villager (Male) |
| 2:40 | Build | Lumber Camp |
| 3:09 | Queue | Villager (Male) |
| 3:41 | Queue | Villager (Male) |
| 3:41 | Queue | Villager (Male) |
| 3:43 | Queue | Villager (Male) |
| 4:02 | Queue | Villager (Male) |
| 4:24 | Queue | Villager (Male) |
| 5:09 | Build | Mining Camp |
| 5:42 | Queue | Villager (Male) |
| 6:00 | Research | Loom |
| 6:37 | Research | Feudal Age |
| 7:13 | Build | Palisade Wall |
| 7:14 | Build | Palisade Wall |
| 7:22 | Build | Palisade Wall |
| 7:22 | Build | Palisade Wall |
| 7:44 | Build | Palisade Wall |
| 7:53 | Build | Palisade Wall |
| 8:01 | Build | Barracks |
| 8:50 | Age | Feudal Age |
| 8:54 | Build | Archery Range |
| 8:55 | Queue | Villager (Male) |
| 9:10 | Build | Watch Tower |
| 9:20 | Build | Palisade Wall |
| 9:22 | Build | Palisade Wall |
| 9:24 | Build | Palisade Wall |
| 9:26 | Build | Palisade Wall |
| 9:28 | Build | Palisade Wall |
| 9:31 | Queue | Archer |
| 9:36 | Build | Palisade Wall |
| 9:37 | Build | Palisade Wall |
| 9:39 | Queue | Villager (Male) |
| 9:44 | Build | Palisade Wall |
| 9:45 | Build | Palisade Wall |
| 9:52 | Queue | Archer |
| 9:53 | Queue | Archer |
| 10:05 | Queue | Villager (Male) |
| 10:06 | Queue | Archer |
| 10:59 | Queue | Villager (Male) |
| 11:16 | Build | Mill |
| 11:17 | Queue | Villager (Male) |
| 11:17 | Queue | Villager (Male) |
| 11:34 | Queue | Archer |
| 11:35 | Queue | Villager (Male) |
| 12:02 | Build | Farm |
| 12:02 | Build | Farm |
| 12:04 | Build | Farm |
| 12:05 | Build | Farm |
| 12:06 | Build | Farm |
| 12:14 | Queue | Villager (Male) |
| 12:14 | Queue | Villager (Male) |
| 12:32 | Build | Palisade Wall |
| 12:52 | Build | Blacksmith |
| 12:58 | Queue | Villager (Male) |
| 13:01 | Build | Palisade Wall |
| 13:04 | Queue | Villager (Male) |
| 13:04 | Queue | Villager (Male) |
| 13:13 | Build | Palisade Wall |
| 13:14 | Build | Palisade Wall |
| 13:19 | Queue | Villager (Male) |
| 13:19 | Queue | Villager (Male) |
| 13:27 | Build | Palisade Wall |
| 13:34 | Queue | Villager (Male) |
| 13:37 | Queue | Villager (Male) |
| 13:40 | Build | Mining Camp |
| 13:48 | Queue | Villager (Male) |
| 14:03 | Queue | Skirmisher |
| 14:27 | Queue | Skirmisher |
| 14:59 | Build | Palisade Wall |
| 15:12 | Build | Palisade Wall |
| 15:24 | Research | Fletching |
| 15:25 | Research | Fletching |
| 15:31 | Queue | Skirmisher |
| 15:32 | Build | Farm |
| 15:35 | Queue | Villager (Male) |
| 16:12 | Queue | Skirmisher |
| 16:16 | Build | Palisade Wall |
| 16:17 | Build | Palisade Wall |
| 16:21 | Build | Palisade Gate |
| 16:31 | Queue | Villager (Male) |
| 17:28 | Queue | Archer |
| 17:55 | Queue | Villager (Male) |
| 17:55 | Queue | Villager (Male) |
| 17:58 | Queue | Skirmisher |
| 18:03 | Build | Mining Camp |
| 18:16 | Queue | Villager (Male) |
| 18:26 | Research | Double-Bit Axe |
| 18:39 | Queue | Villager (Male) |
| 18:42 | Queue | Villager (Male) |
| 18:42 | Queue | Villager (Male) |
| 18:50 | Queue | Archer |
| 18:50 | Queue | Archer |
| 18:54 | Build | Farm |
| 19:05 | Research | Town Watch |
| 19:08 | Queue | Villager (Male) |
| 19:08 | Queue | Villager (Male) |
| 19:17 | Queue | Skirmisher |
| 19:19 | Queue | Archer |
| 19:24 | Queue | Villager (Male) |
| 19:55 | Build | Watch Tower |
| 20:03 | Queue | Villager (Male) |
| 20:36 | Queue | Villager (Male) |
| 20:44 | Queue | Villager (Male) |
| 20:44 | Queue | Villager (Male) |
| 20:44 | Queue | Villager (Male) |
| 21:02 | Queue | Villager (Male) |
| 21:04 | Queue | Archer |
| 21:27 | Build | Farm |
| 21:27 | Build | Farm |
| 21:28 | Build | Farm |
| 21:28 | Build | Farm |
| 21:29 | Build | Farm |
| 21:33 | Research | Horse Collar |
| 21:51 | Queue | Villager (Male) |
| 22:03 | Queue | Archer |
| 22:19 | Build | Watch Tower |
| 22:23 | Queue | Archer |
| 22:25 | Queue | Villager (Male) |
| 22:29 | Build | Farm |
| 22:34 | Queue | Skirmisher |
| 22:39 | Queue | Skirmisher |
| 22:55 | Queue | Villager (Male) |
| 23:08 | Queue | Villager (Male) |
| 23:24 | Build | Stable |
| 23:30 | Queue | Archer |
| 23:36 | Research | Wheelbarrow |
| 23:36 | Research | Wheelbarrow |
| 24:05 | Queue | Scout Cavalry |
| 24:05 | Queue | Scout Cavalry |
| 24:18 | Build | Lumber Camp |
| 24:22 | Queue | Villager (Male) |
| 24:26 | Build | Farm |
| 24:32 | Queue | Scout Cavalry |
| 24:44 | Build | Farm |
| 24:51 | Queue | Scout Cavalry |
| 25:17 | Queue | Scout Cavalry |
| 25:30 | Queue | Scout Cavalry |
| 25:30 | Queue | Archer |
| 25:32 | Queue | Villager (Male) |
| 25:32 | Queue | Villager (Male) |
| 25:32 | Queue | Villager (Male) |
| 25:45 | Queue | Scout Cavalry |
| 25:49 | Build | Farm |
Match timeline
| 5:08 | 新竹 · first_building Barracks |
| 7:13 | Minh Anh · wall_segment Palisade Wall x4 |
| 7:14 | Minh Anh · wall_segment Palisade Wall x5 |
| 7:22 | Minh Anh · wall_segment Palisade Wall x1 |
| 7:22 | Minh Anh · wall_segment Palisade Wall x1 |
| 7:44 | Minh Anh · wall_segment Palisade Wall x1 |
| 7:53 | Minh Anh · wall_segment Palisade Wall x5 |
| 8:01 | Minh Anh · first_building Barracks |
| 8:50 | Minh Anh · age_up feudal |
| 8:50 | 新竹 · age_up feudal |
| 8:54 | Minh Anh · first_building Archery Range |
| 9:20 | Minh Anh · wall_segment Palisade Wall x1 |
| 9:22 | Minh Anh · wall_segment Palisade Wall x1 |
| 9:24 | Minh Anh · wall_segment Palisade Wall x1 |
| 9:26 | Minh Anh · wall_segment Palisade Wall x1 |
| 9:28 | Minh Anh · wall_segment Palisade Wall x1 |
| 9:36 | Minh Anh · wall_segment Palisade Wall x1 |
| 9:37 | Minh Anh · wall_segment Palisade Wall x1 |
| 9:44 | Minh Anh · wall_segment Palisade Wall x1 |
| 9:45 | Minh Anh · wall_segment Palisade Wall x1 |
| 11:29 | 新竹 · wall_segment Palisade Wall x2 |
| 11:30 | 新竹 · wall_segment Palisade Wall x2 |
| 12:14 | 新竹 · first_building Archery Range |
| 12:32 | Minh Anh · wall_segment Palisade Wall x3 |
| 13:01 | Minh Anh · wall_segment Palisade Wall x4 |
| 13:13 | Minh Anh · wall_segment Palisade Wall x1 |
| 13:14 | Minh Anh · wall_segment Palisade Wall x1 |
| 13:27 | Minh Anh · wall_segment Palisade Wall x10 |
| 14:59 | Minh Anh · wall_segment Palisade Wall x1 |
| 15:12 | Minh Anh · wall_segment Palisade Wall x1 |
| 16:16 | Minh Anh · wall_segment Palisade Wall x1 |
| 16:17 | Minh Anh · wall_segment Palisade Wall x3 |
| 18:00 | 新竹 · wall_segment Palisade Wall x1 |
| 19:28 | 新竹 · wall_segment Palisade Wall x1 |
| 23:24 | Minh Anh · first_building Stable |
| 27:56 | 新竹 · first_market_buy 100 food |
| 28:02 | 新竹 · wall_segment Stone Wall x11 |
| 28:19 | Minh Anh · wall_segment Palisade Wall x1 |
| 28:19 | Minh Anh · wall_segment Palisade Wall x1 |
| 28:20 | Minh Anh · wall_segment Palisade Wall x1 |
| 28:32 | Minh Anh · wall_segment Palisade Wall x1 |
| 28:38 | Minh Anh · wall_segment Palisade Wall x1 |
| 28:38 | Minh Anh · wall_segment Palisade Wall x1 |
| 29:19 | Minh Anh · wall_segment Stone Wall x10 |
| 29:38 | 新竹 · wall_segment Palisade Wall x1 |
| 31:04 | Minh Anh · age_up castle |
| 32:25 | 新竹 · first_building Stable |
| 33:03 | 新竹 · wall_segment Palisade Wall x1 |
| 33:04 | 新竹 · wall_segment Palisade Wall x1 |
| 33:06 | 新竹 · wall_segment Palisade Wall x1 |
| 33:13 | 新竹 · age_up castle |
| 33:22 | Minh Anh · first_building Monastery |
| 33:37 | 新竹 · wall_segment Palisade Wall x1 |
| 34:22 | 新竹 · first_building Monastery |
| 34:49 | 新竹 · resign |
[ AI ANALYSIS · 1 CREDIT ]
What really happened in this match?
Wolo.gg analyzes every decision: build order, eco, micro, common mistakes by bracket. Personalized analysis on WhatsApp or Discord in 30 seconds.
Civ guide
Japanese
Perfil
新竹